 Dungeon Crawl Stone Soup version 0.28.0-45-g0d030f2227 (webtiles) character file.

Game seed: 12480245199003197865

143 pkoi the Insei (level 4, -2/34 HPs)
             Began as a Demigod Gladiator on Apr 11, 2022.
             Shot with an arrow by a centaur (10 damage)
             ... on level 3 of the Dungeon.
             The game lasted 00:02:53 (3317 turns).

pkoi the Insei (Demigod Gladiator)                  Turns: 3317, Time: 00:02:54

Health: -2/34      AC:  7    Str: 15    XL:     4   Next: 76%
Magic:  6/6        EV: 12    Int: 12    God:
Gold:   40         SH:  4    Dex: 19    Spells: 3/3 levels left

rFire   . . .      SeeInvis .   f - +1 dagger (venom)
rCold   . . .      Faith    .   (no shield)
rNeg    + . .      Spirit   .   k - +1 ring mail {rN+}
rPois   .          Reflect  .   b - +0 helmet
rElec   .          Harm     .   (no cloak)
rCorr   .          Rampage  .   (no gloves)
Will    +....                   (no boots)
Stlth   +.........              (no amulet)
HPRegen 0.11/turn               (no ring)
MPRegen 0.10/turn               (no ring)

@: no status effects
A: high MP 1, forlorn, divine attributes, large bone plates 1, clever 1, frail
1, strong-willed 1
a: no special abilities


You were on level 3 of the Dungeon.
You visited 1 branch of the dungeon, and saw 3 of its levels.

You collected 40 gold pieces.

Inventory:

Hand Weapons
 d - a +0 short sword
 f - a +1 dagger of venom (weapon)
 i - a +1 spear of venom
Missiles
 c - 3 throwing nets (quivered)
 j - 6 atropa-tipped darts
Armour
 a - a +0 leather armour
 b - a +0 helmet (worn)
 k - a +1 ring mail of positive energy (worn)
Scrolls
 e - 2 scrolls of teleportation {unknown}
 g - a scroll of torment {unknown}
 h - a scroll of amnesia {unknown}
 m - a scroll of identify {unknown}
Potions
 l - a potion of curing
 n - a potion of resistance {unknown}


   Skills:
 + Level 3.0 Fighting
 + Level 2.6 Throwing
 - Level 3.0 Dodging
 + Level 3.9 Unarmed Combat


You had 3 spell levels left.
You didn't know any spells.
Your spell library contained the following spells:

 Spells                   Type           Power      Damage    Failure   Level
 Ensorcelled Hibernation  Hex/Ice        0%         N/A       69%         2
 Passwall                 Tmut/Erth      0%         N/A       69%         2
 Swiftness                Air            0%         N/A       89%         3
 Animate Armour           Summ/Erth      0%         N/A       100%        4
 Summon Ice Beast         Ice/Summ       0%         N/A       100%        4
 Summon Cactus Giant      Summ           0%         N/A       100%        6


Dungeon Overview and Level Annotations

Branches:
Dungeon (3/15)

Shops:
D:2 *=


Innate Abilities, Weirdness & Mutations

You have an increased reservoir of magic. (+10% MP)
You shall have no god before yourself.
Your divine heritage dramatically boosts your attributes as you level up.
You are partially covered in large bone plates. (SH +4)
Your mind is acute. (Int +2)
You are frail. (-10% HP)
You are strong-willed. (Will+)


Message History

Unknown command.
You hit the goblin.
The goblin is heavily wounded.
You block the hobgoblin's attack. The goblin hits you with a +0 club.
* * * LOW HITPOINT WARNING * * *
You barely miss the goblin.
The goblin is heavily wounded.
The hobgoblin hits you.
* * * LOW HITPOINT WARNING * * *
The goblin hits you with a +0 club.
* * * LOW HITPOINT WARNING * * *
Unknown command.
You barely miss the goblin.
The goblin is heavily wounded.
The hobgoblin barely misses you. The goblin hits you but does no damage.
Unknown command.
You completely miss the goblin.
The goblin is heavily wounded.
The hobgoblin closely misses you. The goblin hits you with a +0 club.
* * * LOW HITPOINT WARNING * * *
Unknown command.
You hit the goblin.
You kill the goblin!
The hobgoblin closely misses you.
You feel your strength returning.
Unknown command.
You kill the hobgoblin!
The centaur shoots an arrow.
The arrow closely misses you.
You hear a shout!
You see here a +0 club.
The centaur shoots an arrow.
The arrow barely misses you.
The centaur shoots an arrow.
You block the arrow.
The centaur shoots an arrow.
The arrow hits you.
* * * LOW HITPOINT WARNING * * *
You see here 7 gold pieces.
The centaur shoots an arrow.
The arrow barely misses you.
The centaur shoots an arrow.
You block the arrow.
There is a stone staircase leading up here.
The centaur shoots an arrow.
The arrow hits you!
You die...

.......... .........#
##........##### .
.##............c#########..
.............c.).Sgg.......
............$#####.........
#...........# ##........
..#..........######........
#.........@.....)..........
...........########........
...........# #.......g
............. .........
...........### #.....S.>
........#... #........
.....<..###.. #........
........# ... ......o
...... ...


You could see a centaur.

Vanquished Creatures
  Terence (D:3)
  An iguana (D:2)
  2 adders (D:2)
  4 gnolls
  An orc (D:2)
  4 ball pythons
  4 bats
  An endoplasm (D:1)
  2 giant cockroaches (D:1)
  6 goblins
  2 hobgoblins
  5 kobolds (D:1)
  A quokka (D:1)
  A frilled lizard (D:1)
  A rat (D:1)
  A spectral kobold (D:2)
37 creatures vanquished.

Notes
Turn   | Place    | Note
-------+----------+-------------------------------------------
     0 | D:1      | pkoi the Demigod Gladiator began the quest for the Orb.
     0 | D:1      | Reached XP level 1. HP: 17/17 MP: 3/3
   225 | D:1      | Reached XP level 2. HP: 24/24 MP: 4/4
  2027 | D:2      | Got the Grimoire of Summoning
  2041 | D:2      | Reached XP level 3. HP: 29/29 MP: 5/5
  2074 | D:1      | Gained mutation: You are strong-willed. (Will+) [potion of
                  | mutation]
  2074 | D:1      | Gained mutation: Your mind is acute. (Int +2) [potion of
                  | mutation]
  2074 | D:1      | Gained mutation: You are frail. (-10% HP) [potion of
                  | mutation]
  2074 | D:1      | Gained mutation: You are partially covered in large bone
                  | plates. (SH +4) [potion of mutation]
  2381 | D:2      | Found Cema's General Store.
  2382 | D:2      | Found Koiroc's Jewellery Shop.
  2747 | D:3      | Noticed Terence
  3082 | D:2      | Reached XP level 4. HP: 25/33 MP: 6/6
  3283 | D:3      | Noticed a centaur
  3284 | D:3      | Killed Terence
  3317 | D:3      | Shot with an arrow by a centaur

Illustrated notes

Levels and vault maps discovered:
D:1:      minmay_arrival_four_houses, layout_basic
D:2:      layout_basic, serial_shops, nicolae_diamond_shop, shop,
          dreamdust_ecumenical_altar_drowned_temple,
          amcnicky_mini_corridor_feature
D:3:      layout_rooms, uniq_terence, uniq_jessica

Skill      XL: |  1  2  3  4 |
---------------+-------------+-----
Unarmed Combat | 3 |  3.9
Fighting       | 2 3 |  3.0
Throwing       | 2 |  2.6
Dodging        | 3 |  3.0

Action                   |  1- 3 |  4- 6 || total
-------------------------+-------+-------++-------
Melee: Unarmed           |    17 |       ||    17
       Short sword       |    44 |       ||    44
       Punch             |     3 |     1 ||     4
       Dagger            |    51 |    28 ||    79
  Use: Potion            |     4 |       ||     4
 Stab: Sleeping          |     2 |       ||     2
Armor: Leather armour    |    14 |       ||    14
       Ring mail         |     8 |     9 ||    17
Dodge: Dodged            |    75 |    23 ||    98
Block: Other             |       |     6 ||     6
